General information
- name: BNet
- type: Ladder team game (AT/RT)
- host: Battle.net
- saver: blacks-r-evil
map: FullScaleAssault
- players: 8
- length: 59:56
- speed: Fast
- version: 1.24 W3XP
- replay type: Public
» download(314 KB)
Players
team 1 (winner)

»
3v3-orc (
green | 43 APM | 1659 actions | 38:19)
7 Death Knight
3 Death Coil
3 Unholy Aura
1 Animate Dead
6 Lich
3 Frost Nova
2 Frost Armor
1 Death and Decay
4 Crypt Lord
1 Impale
1 Carrion Beetles
2 Spiked Carapace
» actions
| Assign group hotkey | 14 | |
| Basic commands | 352 | |
| Build / train | 67 | |
| Enter build submenu | 19 | |
| Enter hero's abilities submenu | 17 | |
| Give item / drop item | 12 | |
| Remove unit from queue | 2 | |
| Right click | 618 | |
| Select / deselect | 318 | |
| Select group hotkey | 170 | |
| Use ability | 70 | |
1659 total
» units
| Acolyte | 13 | |
| Ghoul | 4 | |
| Crypt Fiend | 8 | |
| Frost Wyrm | 4 | |
29 total
» upgrades
| Creature Attack | 2 | |
| Creature Carapace | 2 | |
| Web | 1 | |
| Freezing Breath | 1 | |
6 total
» buildings
| Crypt | 1 | |
| Ziggurat | 10 | |
| Graveyard | 1 | |
| Altar of Darkness | 1 | |
| Nerubian Tower | 1 | |
| Halls of the Dead | 1 | |
| Tomb of Relics | 1 | |
| Spirit Tower | 1 | |
| Black Citadel | 1 | |
| Sacrificial Pit | 1 | |
| Boneyard | 2 | |
21 total
» build order
00:19 Crypt
00:22 Ziggurat
00:43 Graveyard
01:07 Altar of Darkness
01:30 Ziggurat
02:10 Nerubian Tower
02:50 Halls of the Dead
03:15 Ziggurat
03:37 Tomb of Relics
03:54 Spirit Tower
05:57 Black Citadel
06:05 Ziggurat
06:08 Ziggurat
06:56 Sacrificial Pit
08:52 Boneyard
08:56 Boneyard
10:27 Ziggurat
10:31 Ziggurat
10:33 Ziggurat
13:49 Ziggurat
13:53 Ziggurat
» items
| Orb of Corruption | 1 | |
| Potion of Healing | 3 | |
| Scroll of Healing | 1 | |
| Lesser Clarity Potion | 1 | |
6 total
spiderincamo (
yellow | 21 APM | 1253 actions | 59:49)
7 Mountain King
3 Bash
3 Storm Bolt
1 Avatar
1 Archmage
1 Brilliance Aura
» actions
| Assign group hotkey | 5 | |
| Basic commands | 60 | |
| Build / train | 98 | |
| Enter build submenu | 30 | |
| Enter hero's abilities submenu | 8 | |
| Give item / drop item | 7 | |
| Remove unit from queue | 1 | |
| Right click | 497 | |
| Select / deselect | 460 | |
| Select group hotkey | 19 | |
| Use ability | 68 | |
1253 total
» units
| Peasant | 12 | |
| Footman | 9 | |
| Knight | 18 | |
| Priest | 11 | |
| Goblin Zeppelin | 1 | |
| Sorceress | 7 | |
| Mur'gul Snarecaster | 1 | |
| Giant Sea Turtle | 1 | |
60 total
» upgrades
| Defend | 1 | |
| Swords | 3 | |
| Plating | 3 | |
| Lumber Harvesting | 2 | |
| Priest Training | 2 | |
| Masonry | 3 | |
| Animal War Training | 1 | |
| Sorceress Training | 2 | |
17 total
» buildings
| Altar of Kings | 1 | |
| Farm | 13 | |
| Arcane Vault | 1 | |
| Lumber Mill | 1 | |
| Barracks | 2 | |
| Scout Tower | 3 | |
| Blacksmith | 1 | |
| Guard Tower | 3 | |
| Keep | 1 | |
| Castle | 1 | |
| Arcane Sanctum | 2 | |
| Town Hall | 2 | |
31 total
» build order
00:11 Altar of Kings
00:13 Farm
00:34 Arcane Vault
01:02 Lumber Mill
01:23 Barracks
01:41 Farm
02:26 Farm
02:28 Scout Tower
03:01 Scout Tower
03:20 Blacksmith
03:23 Guard Tower
03:36 Scout Tower
03:38 Guard Tower
04:09 Barracks
04:12 Guard Tower
05:08 Keep
05:45 Farm
06:26 Farm
07:38 Farm
07:40 Castle
08:22 Arcane Sanctum
09:05 Arcane Sanctum
12:00 Farm
12:05 Farm
12:26 Farm
12:28 Farm
12:48 Farm
14:06 Farm
20:54 Town Hall
29:15 Farm
46:04 Town Hall
» items
| Mechanical Critter | 1 | |
| Lesser Clarity Potion | 1 | |
| Scroll of Regeneration | 1 | |
| Orb of Fire | 1 | |
| Potion of Healing | 1 | |
5 total
blacks-r-evil (
purple | 47 APM | 2842 actions | 59:56)
5 Mountain King
3 Storm Bolt
2 Bash
4 Paladin
2 Holy Light
2 Divine Shield
» actions
| Assign group hotkey | 32 | |
| Basic commands | 224 | |
| Build / train | 120 | |
| Enter build submenu | 30 | |
| Enter hero's abilities submenu | 9 | |
| Give item / drop item | 3 | |
| Right click | 951 | |
| Select / deselect | 416 | |
| Select group hotkey | 894 | |
| Use ability | 163 | |
2842 total
» units
| Peasant | 30 | |
| Footman | 3 | |
| Goblin Shredder | 6 | |
| Goblin Zeppelin | 2 | |
| Gryphon Rider | 6 | |
| Siege Engine | 2 | |
49 total
» upgrades
| Lumber Harvesting | 2 | |
| Masonry | 3 | |
| Storm Hammers | 1 | |
| Animal War Training | 1 | |
| Swords | 1 | |
| Armor | 1 | |
| Barrage | 1 | |
10 total
» buildings
| Altar of Kings | 1 | |
| Barracks | 1 | |
| Farm | 10 | |
| Scout Tower | 50 | |
| Arcane Tower | 1 | |
| Town Hall | 6 | |
| Arcane Vault | 1 | |
| Lumber Mill | 1 | |
| Keep | 2 | |
| Guard Tower | 23 | |
| Castle | 1 | |
| Gryphon Aviary | 3 | |
| Blacksmith | 1 | |
| Workshop | 1 | |
| Cannon Tower | 2 | |
104 total
» build order
00:08 Altar of Kings
00:22 Barracks
00:41 Farm
00:52 Farm
01:29 Scout Tower
01:54 Farm
01:59 Arcane Tower
03:47 Town Hall
03:50 Scout Tower
03:51 Scout Tower
03:51 Scout Tower
04:02 Farm
04:08 Arcane Vault
04:13 Lumber Mill
05:19 Keep
05:19 Keep
05:39 Guard Tower
06:49 Town Hall
06:54 Town Hall
07:08 Town Hall
07:41 Castle
10:12 Scout Tower
10:12 Scout Tower
10:12 Scout Tower
10:23 Scout Tower
10:23 Scout Tower
10:24 Scout Tower
10:26 Scout Tower
10:29 Scout Tower
10:30 Scout Tower
10:31 Scout Tower
10:32 Scout Tower
10:45 Guard Tower
11:08 Guard Tower
11:14 Guard Tower
11:38 Guard Tower
11:47 Gryphon Aviary
11:48 Gryphon Aviary
11:48 Gryphon Aviary
11:51 Guard Tower
11:55 Guard Tower
11:55 Guard Tower
12:08 Farm
12:09 Farm
12:09 Farm
12:09 Farm
12:12 Guard Tower
13:44 Farm
13:45 Farm
13:49 Scout Tower
13:50 Scout Tower
13:51 Scout Tower
13:52 Scout Tower
13:53 Scout Tower
13:54 Scout Tower
14:33 Blacksmith
14:45 Guard Tower
15:04 Guard Tower
15:44 Guard Tower
15:55 Workshop
16:08 Scout Tower
16:08 Scout Tower
16:08 Scout Tower
16:09 Scout Tower
16:09 Scout Tower
16:09 Scout Tower
16:10 Scout Tower
16:10 Scout Tower
16:10 Scout Tower
16:49 Guard Tower
17:27 Guard Tower
17:40 Guard Tower
17:52 Guard Tower
17:55 Scout Tower
17:56 Scout Tower
17:56 Scout Tower
17:56 Scout Tower
18:46 Guard Tower
19:17 Cannon Tower
20:35 Scout Tower
20:35 Scout Tower
20:35 Scout Tower
20:36 Scout Tower
20:36 Scout Tower
20:36 Scout Tower
20:37 Scout Tower
20:37 Scout Tower
20:37 Scout Tower
20:38 Scout Tower
21:14 Guard Tower
22:14 Cannon Tower
23:25 Town Hall
23:29 Scout Tower
23:29 Scout Tower
23:30 Scout Tower
23:30 Scout Tower
25:04 Guard Tower
27:44 Town Hall
» items
| Scroll of Regeneration | 2 | |
| Potion of Lesser Invulnerability | 2 | |
| Dust of Appearance | 1 | |
| Staff of Teleportation | 2 | |
| Scroll of Healing | 1 | |
| Scroll of Town Portal | 8 | |
| Staff of Sanctuary | 1 | |
| Potion of Healing | 3 | |
| Potion of Mana | 1 | |
21 total
HeroesOnly- (
red | 57 APM | 2211 actions | 38:59)
5 Blademaster
3 Wind Walk
2 Critical Strike
5 Tauren Chieftain
2 Shockwave
3 Endurance Aura
» actions
| Basic commands | 15 | |
| Build / train | 61 | |
| Enter build submenu | 14 | |
| Enter hero's abilities submenu | 11 | |
| Give item / drop item | 17 | |
| Right click | 1263 | |
| Select / deselect | 759 | |
| Use ability | 68 | |
2211 total
» units
| Peon | 14 | |
| Blue Drake | 1 | |
| Blue Dragon Whelp | 1 | |
| Goblin Zeppelin | 1 | |
| Goblin Shredder | 1 | |
| Blue Dragon | 1 | |
19 total
» upgrades
| Reinforced Defenses | 1 | |
| Spiked Barricades | 3 | |
| Melee Weapons | 1 | |
| Ranged Weapons | 1 | |
| Armor | 1 | |
7 total
» buildings
| Altar of Storms | 2 | |
| Orc Burrow | 7 | |
| Voodoo Lounge | 2 | |
| Stronghold | 2 | |
| Fortress | 2 | |
| War Mill | 2 | |
| Great Hall | 1 | |
18 total
» build order
00:07 Altar of Storms
00:14 Orc Burrow
00:39 Voodoo Lounge
01:51 Stronghold
03:04 Orc Burrow
04:44 Fortress
08:28 War Mill
19:31 Great Hall
22:11 Orc Burrow
23:12 Orc Burrow
23:58 Altar of Storms
24:13 Voodoo Lounge
24:14 Stronghold
25:14 War Mill
27:03 Orc Burrow
27:04 Fortress
27:47 Orc Burrow
28:52 Orc Burrow
» items
| Healing Salve | 1 | |
| Boots of Speed | 2 | |
| Dust of Appearance | 2 | |
| Potion of Healing | 4 | |
| Orb of Lightning | 1 | |
| Tiny Great Hall | 4 | |
| Orb of Corruption | 1 | |
| Scroll of Town Portal | 4 | |
19 total
team 2 (loser)
P_B_G (
pink | 36 APM | 1960 actions | 54:53)
5 Blademaster
3 Wind Walk
2 Critical Strike
3 Tauren Chieftain
2 Endurance Aura
1 War Stomp
» actions
| Assign group hotkey | 44 | |
| Basic commands | 98 | |
| Build / train | 89 | |
| ESC pressed | 1 | |
| Enter build submenu | 36 | |
| Enter hero's abilities submenu | 8 | |
| Give item / drop item | 1 | |
| Remove unit from queue | 9 | |
| Right click | 615 | |
| Select / deselect | 615 | |
| Select group hotkey | 363 | |
| Use ability | 81 | |
1960 total
» units
| Peon | 19 | |
| Shaman | 2 | |
| Wind Rider | 17 | |
| Troll Witch Doctor | 6 | |
| Troll Batrider | -4 | |
| Raider | 6 | |
| Demolisher | 1 | |
47 total
» upgrades
| Shaman Training | 2 | |
| Reinforced Defenses | 1 | |
| Envenomed Spears | 1 | |
| Witch Doctor Training | 2 | |
| Spiked Barricades | 1 | |
| Ensnare | 1 | |
| Burning Oil | 1 | |
9 total
» buildings
| Altar of Storms | 1 | |
| Orc Burrow | 7 | |
| Voodoo Lounge | 2 | |
| War Mill | 1 | |
| Stronghold | 1 | |
| Watch Tower | 12 | |
| Great Hall | 3 | |
| Beastiary | 2 | |
| Spirit Lodge | 2 | |
| Fortress | 1 | |
| Barracks | 2 | |
34 total
» build order
00:10 Altar of Storms
00:16 Orc Burrow
00:51 Voodoo Lounge
01:12 War Mill
02:26 Orc Burrow
02:57 Stronghold
03:10 Watch Tower
03:15 Watch Tower
03:53 Watch Tower
04:15 Watch Tower
04:23 Watch Tower
05:06 Watch Tower
05:26 Great Hall
05:41 Orc Burrow
05:56 Watch Tower
06:34 Beastiary
06:57 Watch Tower
07:04 Beastiary
07:44 Spirit Lodge
07:45 Fortress
08:03 Watch Tower
09:08 Watch Tower
09:48 Spirit Lodge
10:22 Watch Tower
10:42 Orc Burrow
11:40 Watch Tower
11:43 Orc Burrow
12:21 Voodoo Lounge
12:41 Orc Burrow
14:09 Orc Burrow
20:13 Barracks
20:15 Barracks
21:41 Great Hall
25:17 Great Hall
» items
| Healing Salve | 3 | |
| Boots of Speed | 2 | |
| Staff of Teleportation | 2 | |
| Orb of Lightning | 2 | |
| Lesser Clarity Potion | 1 | |
| Potion of Healing | 1 | |
| Potion of Lesser Invulnerability | 1 | |
12 total

»
sabby0 (
blue | 36 APM | 1653 actions | 45:38)
4 Dreadlord
2 Vampiric Aura
2 Sleep
1 Death Knight
1 Unholy Aura
» actions
| Assign group hotkey | 24 | |
| Basic commands | 50 | |
| Build / train | 90 | |
| Enter build submenu | 33 | |
| Enter hero's abilities submenu | 5 | |
| Remove unit from queue | 2 | |
| Right click | 737 | |
| Select / deselect | 520 | |
| Select group hotkey | 133 | |
| Use ability | 59 | |
1653 total
» units
| Acolyte | 12 | |
| Ghoul | 4 | |
| Crypt Fiend | 4 | |
| Abomination | 17 | |
| Necromancer | 20 | |
| Goblin Zeppelin | 1 | |
58 total
» upgrades
| Necromancer Training | 2 | |
| Skeletal Longevity | 1 | |
| Disease Cloud | 1 | |
| Unholy Strength | 3 | |
| Skeletal Mastery | 1 | |
| Unholy Armor | 3 | |
| Ghoul Frenzy | 1 | |
| Web | 1 | |
13 total
» buildings
| Altar of Darkness | 2 | |
| Ziggurat | 15 | |
| Crypt | 2 | |
| Graveyard | 2 | |
| Halls of the Dead | 1 | |
| Black Citadel | 1 | |
| Slaughterhouse | 1 | |
| Temple of the Damned | 1 | |
| Necropolis | 2 | |
| Tomb of Relics | 2 | |
| Spirit Tower | 3 | |
| Sacrificial Pit | 1 | |
33 total
» build order
00:09 Altar of Darkness
00:13 Ziggurat
00:42 Crypt
01:12 Graveyard
01:56 Ziggurat
02:59 Halls of the Dead
04:25 Ziggurat
05:46 Black Citadel
05:59 Slaughterhouse
06:10 Temple of the Damned
06:25 Ziggurat
09:06 Necropolis
09:49 Ziggurat
12:32 Tomb of Relics
13:26 Ziggurat
21:12 Ziggurat
21:14 Ziggurat
24:11 Ziggurat
24:13 Ziggurat
24:41 Spirit Tower
24:43 Spirit Tower
24:44 Spirit Tower
30:10 Sacrificial Pit
34:55 Necropolis
35:05 Altar of Darkness
35:10 Tomb of Relics
35:25 Crypt
36:18 Ziggurat
36:27 Ziggurat
36:32 Ziggurat
36:42 Ziggurat
37:09 Ziggurat
37:28 Graveyard
» items
| Orb of Corruption | 1 | |
| Potion of Healing | 2 | |
| Rod of Necromancy | 1 | |
| Scroll of Healing | 1 | |
5 total
NuttinFancy (
orange | 43 APM | 2596 actions | 59:54)
10 Blademaster
3 Wind Walk
3 Critical Strike
1 Bladestorm
3 Mirror Image
» actions
| Assign group hotkey | 173 | |
| Basic commands | 168 | |
| Build / train | 109 | |
| Enter build submenu | 44 | |
| Enter hero's abilities submenu | 10 | |
| Give item / drop item | 11 | |
| Remove unit from queue | 11 | |
| Right click | 1060 | |
| Select / deselect | 483 | |
| Select group hotkey | 242 | |
| Use ability | 285 | |
2596 total
» units
| Peon | 21 | |
| Grunt | 4 | |
| Goblin Shredder | 1 | |
| Goblin Zeppelin | 2 | |
| Wind Rider | 14 | |
42 total
» upgrades
| Reinforced Defenses | 1 | |
| Ranged Weapons | 3 | |
| Armor | 3 | |
| Pillage | 1 | |
| Envenomed Spears | 1 | |
9 total
» buildings
| Altar of Storms | 1 | |
| Orc Burrow | 7 | |
| Barracks | 1 | |
| Voodoo Lounge | 2 | |
| Stronghold | 1 | |
| Great Hall | 5 | |
| War Mill | 1 | |
| Fortress | 1 | |
| Watch Tower | 25 | |
| Beastiary | 7 | |
51 total
» build order
00:24 Altar of Storms
00:31 Orc Burrow
00:55 Barracks
01:23 Orc Burrow
02:04 Voodoo Lounge
02:57 Stronghold
04:43 Great Hall
04:51 War Mill
05:07 Orc Burrow
06:00 Orc Burrow
06:58 Fortress
09:25 Great Hall
10:43 Watch Tower
10:44 Watch Tower
10:44 Watch Tower
10:44 Watch Tower
10:49 Watch Tower
10:50 Watch Tower
10:51 Watch Tower
10:52 Watch Tower
11:00 Beastiary
11:02 Beastiary
11:02 Beastiary
11:05 Beastiary
11:06 Beastiary
13:10 Great Hall
13:50 Great Hall
17:31 Orc Burrow
17:39 Watch Tower
17:40 Watch Tower
17:40 Watch Tower
17:41 Watch Tower
17:44 Watch Tower
24:57 Orc Burrow
24:58 Orc Burrow
25:59 Great Hall
26:02 Watch Tower
26:02 Watch Tower
26:02 Watch Tower
26:03 Watch Tower
26:04 Watch Tower
26:05 Watch Tower
26:06 Watch Tower
26:06 Watch Tower
26:10 Watch Tower
26:11 Watch Tower
26:12 Watch Tower
26:13 Watch Tower
34:07 Voodoo Lounge
35:26 Beastiary
35:41 Beastiary
» items
| Healing Salve | 8 | |
| Circlet of Nobility | 2 | |
| Staff of Teleportation | 1 | |
| Orb of Lightning | 2 | |
| Scroll of Town Portal | 8 | |
| Potion of Healing | 5 | |
| Potion of Mana | 4 | |
| Lesser Clarity Potion | 4 | |
34 total
j23jf (
teal | 42 APM | 1783 actions | 41:58)
6 Paladin
1 Holy Light
3 Devotion Aura
1 Divine Shield
1 Resurrection
» actions
| Assign group hotkey | 80 | |
| Basic commands | 96 | |
| Build / train | 76 | |
| ESC pressed | 25 | |
| Enter build submenu | 26 | |
| Enter hero's abilities submenu | 6 | |
| Right click | 505 | |
| Select / deselect | 273 | |
| Select group hotkey | 642 | |
| Use ability | 54 | |
1783 total
» units
| Peasant | 10 | |
| Footman | 4 | |
| Siege Engine | 25 | |
| Goblin Shredder | 1 | |
| Knight | 7 | |
47 total
» upgrades
| Lumber Harvesting | 2 | |
| Barrage | 1 | |
| Masonry | 1 | |
| Plating | 1 | |
| Gunpowder | 1 | |
| Animal War Training | 1 | |
7 total
» buildings
| Barracks | 2 | |
| Altar of Kings | 2 | |
| Farm | 13 | |
| Scout Tower | 4 | |
| Keep | 5 | |
| Lumber Mill | 1 | |
| Castle | 1 | |
| Blacksmith | 1 | |
| Workshop | 2 | |
| Guard Tower | 4 | |
| Town Hall | 1 | |
36 total
» build order
00:11 Barracks
00:26 Altar of Kings
01:01 Farm
01:34 Farm
01:54 Farm
02:12 Barracks
02:43 Scout Tower
02:49 Farm
03:24 Keep
03:24 Keep
03:24 Keep
03:24 Keep
03:25 Keep
03:59 Lumber Mill
04:57 Altar of Kings
06:05 Castle
06:17 Blacksmith
07:31 Workshop
07:33 Workshop
07:37 Guard Tower
07:40 Scout Tower
08:24 Guard Tower
08:27 Scout Tower
08:28 Scout Tower
08:59 Guard Tower
09:13 Guard Tower
09:30 Farm
09:31 Farm
09:33 Farm
12:51 Farm
12:52 Farm
12:54 Farm
13:01 Farm
15:17 Farm
15:19 Farm
34:25 Town Hall
» items
| Periapt of Vitality | 1 | |
| Circlet of Nobility | 1 | |
2 total
Chat log
(00:19 / Allies) spiderincamo: sup
(00:20 / Allies) spiderincamo: plan?
(00:33 / Allies) blacks-r-evil: griffs
(00:37 / Allies) blacks-r-evil: get melee and casters
(00:42 / Allies) spiderincamo: k
(00:57 / All) sabby0: FUCK SPIAN
(01:03 / All) 3v3-orc: agreed.
(01:06 / All) blacks-r-evil: netherlands got raped
(01:08 / All) NuttinFancy: all white
(01:15 / All) 3v3-orc: spain are a bunch of pussies.
(01:26 / All) sabby0: they fake everything
(01:35 / All) NuttinFancy: the token nigger on dutch screwed them
(01:38 / Allies) spiderincamo: rush or cc?
(01:41 / All) 3v3-orc: david villa most over rated player in soccer.
(01:42 / All) NuttinFancy: blame Netherlands for playing a nigger
(01:44 / Allies) blacks-r-evil: cc
(02:08 / Allies) HeroesOnly-: hey green I'm feeding u the entire game
(02:14 / Allies) 3v3-orc: ok
(02:18 / Allies) blacks-r-evil: no god dammit
(02:19 / Allies) blacks-r-evil: feed me
(02:30 / Allies) blacks-r-evil: i used to level 50 rt pre 1.14
(03:12 / Allies) blacks-r-evil: green feed me some too son
(03:33 / All) sabby0: the dutch were dirty but the spanish r pussies
(04:26 / Allies) spiderincamo: um
(04:29 / Allies) spiderincamo: purp
(04:33 / Allies) spiderincamo: oh
(04:34 / Allies) spiderincamo: ok
(04:39 / Allies) blacks-r-evil: what were u gonna say
(04:45 / Allies) spiderincamo: sorry, way too many teamkillers this game
(04:50 / Allies) spiderincamo: this day*
(05:30 / Allies) blacks-r-evil: well if u arent feeding im getting 2 expos
(05:36 / Allies) spiderincamo: ?
(06:16 / Allies) spiderincamo: :(
(06:41 / Allies) HeroesOnly-: k
(07:54 / All) sabby0: k..
(08:11 / Allies) spiderincamo: massing tanks
(09:39 / Allies) spiderincamo: dont forget teals massing tanks
(11:15 / Allies) blacks-r-evil: wod
(11:16 / Allies) blacks-r-evil: wopo
(11:16 / Allies) HeroesOnly-: k
(11:17 / Allies) blacks-r-evil: dwppd
(11:18 / Allies) blacks-r-evil: wood
(11:19 / Allies) blacks-r-evil: wood
(11:19 / Allies) blacks-r-evil: wood
(11:20 / Allies) blacks-r-evil: wood
(11:21 / Allies) blacks-r-evil: wood
(11:21 / Allies) blacks-r-evil: wood
(11:26 / Allies) 3v3-orc: shut up
(11:29 / Allies) blacks-r-evil: sht the fuck up
(11:40 / Allies) HeroesOnly-: yea
(11:41 / Allies) HeroesOnly-: we need a shade
(12:19 / Allies) spiderincamo: plan?
(13:20 / Allies) spiderincamo: dammit purp
(13:49 / Allies) spiderincamo: items anyone?
(13:57 / Allies) HeroesOnly-: item here
(14:17 / Allies) spiderincamo: wanna hit soon?
(14:56 / Allies) 3v3-orc: really griffs?
(14:58 / Allies) blacks-r-evil: protect
(15:21 / Allies) spiderincamo: i said
(15:26 / Allies) spiderincamo: HEY MASSING TANKS
(15:28 / Allies) spiderincamo: but noooo
(16:55 / Allies) spiderincamo: gg
(16:58 / Allies) spiderincamo: purp fucked us
(16:59 / Allies) blacks-r-evil: dont oleave
(17:00 / Allies) blacks-r-evil: fucker
(17:01 / Allies) blacks-r-evil: dont leave
(17:07 / Allies) spiderincamo: u fucking noob
(17:11 / Allies) spiderincamo: when u know their units
(17:18 / Allies) spiderincamo: why mass what they counter
(17:56 / All) spiderincamo: gg
(18:03 / All) spiderincamo: we even knew u massed tanks
(18:08 / All) spiderincamo: but purp still massed air
(18:15 / All) j23jf: lol
(18:24 / All) spiderincamo: AND
(18:26 / All) spiderincamo: towers
(18:30 / All) spiderincamo: he took all the expos
(18:35 / All) spiderincamo: and had 6 gryffs
(18:36 / All) NuttinFancy: wtf pink
(18:36 / All) spiderincamo: rofl
(18:38 / All) HeroesOnly-: and his gryphons aren't upgraded
(18:40 / All) HeroesOnly-: ..
(18:43 / All) 3v3-orc: he used to be lvl 50 though so hes a pro.
(18:45 / All) j23jf: the base we hitted first
(18:50 / All) P_B_G: U
(18:55 / Allies) spiderincamo: dear purple
(18:58 / Allies) spiderincamo: ur retarded
(19:03 / Allies) spiderincamo: HE MASSED TANKS
(19:09 / Allies) spiderincamo: WHY R U STILL GOING AIR AND TOWERS
(19:47 / All) NuttinFancy: pink is trying to bs me
(19:51 / All) HeroesOnly-: y
(19:59 / All) NuttinFancy: teal killed his hero he thinks I did it
(20:01 / All) P_B_G: Those bitch kiled my hejro
(20:09 / All) P_B_G: Stay i will kill them
(20:16 / Allies) blacks-r-evil: kill those tanks wow
(20:17 / Allies) blacks-r-evil: kill them
(20:20 / Allies) blacks-r-evil: orange is bsing
(20:21 / Allies) blacks-r-evil: we got this
(20:31 / Allies) spiderincamo: hang on
(20:33 / Allies) spiderincamo: expoing
(21:55 / Allies) 3v3-orc: why no sh red?
(22:07 / Allies) HeroesOnly-: mweh
(22:27 / Allies) blacks-r-evil: dont hit orange
(22:28 / Allies) blacks-r-evil: idot
(22:29 / Allies) blacks-r-evil: he is bsing
(22:36 / Allies) blacks-r-evil: fine dont listen to me
(23:21 / Allies) blacks-r-evil: hit blue
(23:48 / Allies) 3v3-orc: purple youre one of the worst teamates ive ever had for your information.
(23:52 / Allies) blacks-r-evil: fuck u
(23:53 / Allies) blacks-r-evil: bitch
(23:53 / Allies) spiderincamo: yeah
(23:58 / All) 3v3-orc: very bad.
(25:06 / All) 3v3-orc: end it?
(25:54 / Allies) HeroesOnly-: yelow could u get tanks
(25:56 / Allies) HeroesOnly-: for the air
(25:56 / Allies) HeroesOnly-: ?
(26:00 / Allies) HeroesOnly-: oj has wyverns
(26:01 / Allies) HeroesOnly-: too
(26:09 / Allies) 3v3-orc: or morts for the necs.
(27:11 / All) spiderincamo: fuck off
(27:17 / All) sabby0: no idea wat pink and oj r doin
(27:28 / All) P_B_G: kill those bitches
(27:28 / All) NuttinFancy: Pink is trying to bs us dude
(27:32 / All) P_B_G: Fuckign killed my hero
(27:37 / All) 3v3-orc: your getting raped..
(27:39 / All) P_B_G: Fuckers
(27:54 / All) j23jf: pinks is bsing us
(28:00 / Allies) spiderincamo: lets hit
(28:15 / Allies) 3v3-orc: turn priests on heal at towers.
(28:24 / Allies) spiderincamo: meet
(28:30 / All) sabby0: wow gg
(28:35 / All) sabby0: bs eathcother
(28:38 / Allies) spiderincamo: purp
(28:43 / Allies) spiderincamo: can u get morts plz
(28:45 / Allies) blacks-r-evil: gold plz?
(28:51 / Allies) spiderincamo: meet
(29:01 / All) spiderincamo: yeah lol
(29:19 / Allies) HeroesOnly-: yup
(29:20 / Allies) 3v3-orc: yellow why only one hero..
(29:21 / Allies) HeroesOnly-: purp is bsing
(29:22 / Allies) HeroesOnly-: btw
(29:23 / Allies) 3v3-orc: get an am with aura plz.
(29:26 / Allies) spiderincamo: im making another
(29:27 / Allies) spiderincamo: yeah
(29:34 / Allies) spiderincamo: i was a bit preoccupoied
(29:42 / Allies) 3v3-orc: lets hit yellow.
(29:51 / All) spiderincamo: purps is team killing...
(29:51 / Allies) 3v3-orc: get aura first plz.
(29:54 / All) spiderincamo: wtf
(30:01 / Allies) spiderincamo: wtf purp///
(30:01 / Allies) spiderincamo: we could win
(30:04 / Allies) spiderincamo: what r u doing...
(30:16 / Allies) 3v3-orc: hes being lvl 50 remember hahahaha
(30:38 / Allies) 3v3-orc: come yellow.
(30:46 / Allies) spiderincamo: no
(30:50 / Allies) spiderincamo: hit good pplz
(30:55 / All) spiderincamo: purp could own
(30:57 / All) spiderincamo: but hes tk
(31:01 / Allies) blacks-r-evil: attack blue
(31:02 / All) spiderincamo: :(
(31:02 / Allies) blacks-r-evil: idiot
(32:36 / All) HeroesOnly-: well I'm sorry but purp is a bser
(32:38 / Allies) blacks-r-evil: ur trash red
(32:40 / Allies) blacks-r-evil: shut up
(32:43 / All) HeroesOnly-: stfu loser
(32:44 / Allies) spiderincamo: NET DDAMMIT
(32:48 / All) blacks-r-evil: red got raped
(33:02 / All) HeroesOnly-: u fucking suck dick faggot
(33:10 / All) HeroesOnly-: and btw I'm still alive
(33:10 / All) blacks-r-evil: wheres ur bazse bitch
(33:19 / All) spiderincamo: blues team killing our expos
(33:23 / All) HeroesOnly-: wow
(33:23 / All) spiderincamo: purp*
(33:35 / Allies) spiderincamo: why purp?
(33:40 / Allies) spiderincamo: just tell me why
(33:46 / All) HeroesOnly-: cuz he sucks
(34:11 / All) spiderincamo: Well gg
(34:18 / All) spiderincamo: we will lose cuz purp killed eveyrthing
(34:18 / All) blacks-r-evil: i owned red
(34:20 / All) blacks-r-evil: lawl
(34:24 / All) blacks-r-evil: were u paying attention
(34:32 / All) blacks-r-evil: orange stabbed pink
(34:33 / All) blacks-r-evil: itrs fair
(34:34 / All) blacks-r-evil: faggots
(35:15 / Allies) spiderincamo: switch
(35:16 / Allies) spiderincamo: kill teal
(35:24 / All) HeroesOnly-: btw.....
(35:28 / All) HeroesOnly-: purp is lvl 1
(35:35 / All) HeroesOnly-: so that means he will bs us
(35:37 / All) HeroesOnly-: noob
(35:39 / All) sabby0: that doesnt mean n e thing
(35:41 / All) HeroesOnly-: yes
(35:44 / All) HeroesOnly-: that's why he's bsing us
(35:46 / All) HeroesOnly-: right now
(35:49 / All) blacks-r-evil: i can beat u with my eyes closed
(35:53 / All) HeroesOnly-: squelched
(35:55 / All) 3v3-orc: purp youre the worst ive ever seen.
(36:13 / Allies) HeroesOnly-: YELLOW
(36:22 / Allies) spiderincamo: dude
(36:24 / Allies) spiderincamo: cut the shit
(37:05 / All) HeroesOnly-: ..
(37:11 / All) spiderincamo: ugh
(37:13 / All) spiderincamo: fucking purp
(37:16 / All) j23jf: oj has 13 k gold
(37:25 / All) HeroesOnly-: see
(37:31 / All) HeroesOnly-: lvl 1s are not good
(37:35 / All) HeroesOnly-: they always mean trouble
(37:42 / All) HeroesOnly-: ..
(37:52 / All) HeroesOnly-: and good thing I fed green instead of purp
(37:59 / All) HeroesOnly-: since i knew he's a noob
(38:00 / All) HeroesOnly-: and all
(38:12 / All) spiderincamo: gg im outa here
(38:17 / All) spiderincamo: we coulda easily owned u
(38:17 / All) blacks-r-evil: leave
(38:18 / All) blacks-r-evil: ur trash
(38:19 / All) spiderincamo: but purp
(38:19 / All) blacks-r-evil: yellow
(38:22 / All) spiderincamo: team kills
(38:24 / All) blacks-r-evil: red got raped
(38:25 / All) blacks-r-evil: and yellow
(38:26 / All) blacks-r-evil: lawl
(38:27 / All) spiderincamo: i could solo rape u
(38:28 / All) HeroesOnly-: ya yellow
(38:30 / All) HeroesOnly-: yellow
(38:33 / All) blacks-r-evil: yellow got raped
(38:34 / All) blacks-r-evil: lawl
(38:36 / All) HeroesOnly-: let's bs purp the next time we see him
(38:37 / All) HeroesOnly-: ok
(38:44 / All) blacks-r-evil: they were saying the entire game "purple sucks" and i owned them
(38:51 / All) HeroesOnly-: he deserves that much
(38:54 / All) blacks-r-evil: u got raped ho
(38:55 / All) blacks-r-evil: leave
(38:57 / All) HeroesOnly-: and he should kill himself so bye
(38:59 / All) blacks-r-evil: u embarassed urself
(39:00 / Allies) spiderincamo: red
(39:02 / Allies) spiderincamo: fuck
(39:09 / Allies) spiderincamo: so purp
(39:14 / Allies) spiderincamo: what do u accomplish now
(39:15 / Allies) spiderincamo: lol
(39:27 / Allies) spiderincamo: we gunna 2v4 win this or waht
(39:35 / All) blacks-r-evil: yes yellow
(39:36 / All) blacks-r-evil: we are
(39:43 / Allies) spiderincamo: gold me
(39:45 / Allies) spiderincamo: for hero
(39:49 / Allies) spiderincamo: and lets rape blue
(39:54 / Allies) spiderincamo: since hes the only one who can play
(39:56 / Allies) spiderincamo: on their team
(40:11 / Allies) spiderincamo: need 250 more cuz my hero is beefy lol
(40:19 / Allies) spiderincamo: ty
(40:33 / Allies) spiderincamo: can u stop now lol
(40:39 / Allies) spiderincamo: ty
(40:43 / Allies) spiderincamo: how bout 110 wood?
(40:54 / Allies) spiderincamo: ty
(41:10 / All) blacks-r-evil: damn
(41:13 / All) blacks-r-evil: i was focused this match
(41:35 / Allies) spiderincamo: here they come
(41:51 / All) sabby0: purp
(41:54 / All) sabby0: u
(41:56 / All) sabby0: suck
(41:58 / Allies) spiderincamo: am
(42:18 / Allies) spiderincamo: gold me so i can get units?
(42:30 / Allies) spiderincamo: :P
(42:33 / Allies) spiderincamo: u have 7k lol
(43:10 / Allies) spiderincamo: moreeeeeee
(43:12 / Allies) spiderincamo: lol
(43:20 / Allies) spiderincamo: buying mercenaries
(43:39 / All) spiderincamo: rofl
(43:40 / All) spiderincamo: at oj
(43:40 / All) sabby0: ?
(43:41 / All) blacks-r-evil: just leave faggots
(43:42 / All) spiderincamo: lawl
(43:44 / All) blacks-r-evil: ur horrible
(43:50 / All) sabby0: purp r u kidding me
(43:55 / All) sabby0: u get the fuck outta here
(44:02 / Allies) spiderincamo: purpo give me mad gold plz
(44:10 / Allies) spiderincamo: for mercenaries
(44:20 / All) blacks-r-evil: get ane expo
(44:26 / Allies) spiderincamo: k
(44:29 / Allies) spiderincamo: need like
(44:31 / Allies) spiderincamo: 400 golod more
(44:55 / All) blacks-r-evil: why do u think im horrible blue
(44:56 / Allies) spiderincamo: heading there
(45:05 / Allies) spiderincamo: or
(45:06 / Allies) spiderincamo: shit
(45:11 / All) NuttinFancy: I do god's work this day
(45:21 / All) sabby0: cause u bs, u just tower and ur horrible
(45:49 / All) blacks-r-evil: yellow
(45:52 / All) blacks-r-evil: listen very closely
(45:52 / Allies) spiderincamo: yo
(45:53 / All) blacks-r-evil: to me
(46:05 / Allies) spiderincamo: sup
(46:13 / Allies) blacks-r-evil: oj is my friend, we are gonna decide who wins and loses
(46:18 / Allies) blacks-r-evil: we want pink to lose because hes a prick
(46:18 / Allies) spiderincamo: lol ok
(46:22 / Allies) spiderincamo: i figured
(46:32 / All) spiderincamo: dear pink
(46:34 / Allies) blacks-r-evil: but we cant let somebody get a win
(46:37 / All) spiderincamo: i raped ur dog
(46:43 / Allies) spiderincamo: u know that
(46:58 / All) blacks-r-evil: ur quiet this game
(46:59 / All) spiderincamo: u know that even if the people leave, they get the win if their team wins
(47:23 / Allies) blacks-r-evil: either convince pink to leave or you leave and ur gonna have to trust me, ill whisper you back to confirm you didnt get a loss
(47:51 / Allies) spiderincamo: lol i dont care what happens, u can kill everything of mine, im not leaving
(48:00 / Allies) spiderincamo: im actually trying to get my 150 icon lol
(48:06 / Allies) blacks-r-evil: how many wins til
(48:12 / Allies) spiderincamo: 29
(48:14 / Allies) spiderincamo: :(
(48:15 / All) P_B_G: still not won wet
(48:21 / All) spiderincamo: pink
(48:24 / All) spiderincamo: ur terribad
(48:25 / All) spiderincamo: stfu
(48:49 / All) P_B_G: Get fucking aa
(48:54 / All) spiderincamo: rofl
(48:55 / All) P_B_G: he only has Wind Rider
(49:01 / All) spiderincamo: im bout to die
(49:06 / All) spiderincamo: i just want to say
(49:10 / All) spiderincamo: pink
(49:18 / All) spiderincamo: quit playing ladder plz
(49:24 / All) spiderincamo: go play sheep tag
(49:25 / All) P_B_G: O_O stfu noob
(49:28 / Allies) blacks-r-evil: convince him to leave and ull get a tie
(49:30 / All) P_B_G: How da fuck u noobs cant win
(49:38 / All) NuttinFancy: are you suggesting sheep tag is a lesser game?
(49:39 / All) spiderincamo: lol
(49:47 / All) spiderincamo: 2v1 pink, oj isnt gunna help u
(50:10 / All) P_B_G: het hwak
(50:13 / All) P_B_G: omfg noob
(50:19 / All) P_B_G: hawk
(50:31 / Allies) spiderincamo: dude
(50:36 / Allies) spiderincamo: upgrade ur gryffs man
(50:37 / Allies) spiderincamo: lol
(50:41 / Allies) blacks-r-evil: u get to keep ah ero nothing more
(50:48 / Allies) spiderincamo: i dont have one nemore
(50:49 / Allies) spiderincamo: lol
(50:50 / Allies) spiderincamo: no gold
(50:59 / All) P_B_G: he is expand top
(51:09 / All) blacks-r-evil: ty for tip
(51:09 / All) P_B_G: in your side
(51:10 / All) blacks-r-evil: pink
(51:12 / All) blacks-r-evil: ty
(51:20 / All) NuttinFancy: I'm not expanding
(51:20 / All) P_B_G: he is coming
(51:22 / All) P_B_G: Run
(51:25 / All) NuttinFancy: I'm attacking his hall
(51:27 / All) NuttinFancy: with my peons
(51:44 / Allies) spiderincamo: hook me up with gold and hero before u wipe out my farms
(51:47 / Allies) spiderincamo: then ill go kill pink
(51:51 / Allies) spiderincamo: and then u kill my hero
(52:09 / Allies) spiderincamo: my last unit
(52:12 / Allies) spiderincamo: let me grab hero
(52:27 / Allies) spiderincamo: or not
(52:28 / Allies) spiderincamo: lol
(52:30 / Allies) spiderincamo: ok
(52:32 / Allies) spiderincamo: whatever lol
(52:39 / All) blacks-r-evil: turncoat
(52:51 / All) NuttinFancy: You rang
(52:57 / All) blacks-r-evil: we sure are getting some stubborn 4srt players the last couple days,
(53:03 / All) NuttinFancy: yeah
(53:08 / All) NuttinFancy: SImply will not cooperate
(53:08 / All) spiderincamo: ;)
(53:11 / All) blacks-r-evil: yellow is like "im not leaving bitch, ur gonna have to kill me"
(53:19 / All) spiderincamo: minus the bitch part
(53:20 / All) NuttinFancy: lol
(53:21 / All) spiderincamo: lol
(53:22 / All) P_B_G: fucking ass
(53:22 / All) spiderincamo: but yeah'
(53:25 / All) P_B_G: Kill that bitch
(53:30 / All) P_B_G: Fucking killed my hero
(53:30 / All) blacks-r-evil: and pinks a prick for attacking my peasants
(53:31 / All) spiderincamo: pink
(53:33 / All) spiderincamo: stfu
(53:33 / All) blacks-r-evil: standoff
(53:38 / All) P_B_G: And told me teal did it O_o
(53:38 / All) NuttinFancy: He's still whining about his hero
(53:39 / All) blacks-r-evil: this is a must standoff
(53:41 / All) P_B_G: da fuck
(53:47 / All) NuttinFancy: I killed it
(53:47 / All) blacks-r-evil: ppink is 11-5 yellow 8-8
(53:50 / All) NuttinFancy: but teal attacked it too
(53:51 / All) NuttinFancy: LOL
(53:56 / All) P_B_G: Stfu
(54:03 / All) P_B_G: I fucking saw your bm attack my bm
(54:10 / All) blacks-r-evil: how did teal attack it? he has nothing but tanks
(54:11 / All) NuttinFancy: Yeah so did teal's pally
(54:14 / All) P_B_G: Asshole
(54:23 / All) spiderincamo: ur a whining bitch pink
(54:25 / All) NuttinFancy: Paladin
(54:41 / All) blacks-r-evil: same as last time war mill at middle?
(54:54 / All) NuttinFancy: Just kill unit producing buildings
(54:57 / All) NuttinFancy: nevermind
(54:59 / All) spiderincamo: ;)
(56:31 / All) spiderincamo: u guys have real accts?>
(56:36 / All) blacks-r-evil: mugaro
(56:47 / All) blacks-r-evil: and kodos_forsaken
(57:05 / All) spiderincamo: nice
(57:09 / All) spiderincamo: kodo is nice
(57:22 / All) blacks-r-evil: why exactly were you bitching at me earlier yellow
(57:45 / All) blacks-r-evil: answer me that
(57:46 / All) spiderincamo: we;;, thought u were palying for real, and couldnt understand why u would mass towers and air when teal massed tanks
(57:58 / All) blacks-r-evil: i see
(58:13 / All) spiderincamo: but its ok, ive had 4 team killing games so far today
(58:17 / All) spiderincamo: so this is nothing new lol
(59:14 / All) blacks-r-evil: why cant u just leave yellow? If u leave, orange is leaving because he wants pink to get the loss
(59:23 / All) spiderincamo: eh
(59:25 / All) spiderincamo: alright
(59:28 / All) blacks-r-evil: we're not screwing with u
(59:32 / All) blacks-r-evil: ill whisper u aftger
(59:34 / All) blacks-r-evil: ur record stays the same
(59:35 / All) blacks-r-evil: watch
(59:36 / All) spiderincamo: gg guys
(59:40 / All) blacks-r-evil: gg
(59:46 / All) spiderincamo: red sucked